[Event "26th Bosnjaci Open 2022"]
[Site "Bosnjaci"]
[Date "2022.01.04"]
[Round "3.10"]
[White "Zlatarevic, Ivan"]
[Black "Vidovic, Sasa"]
[Result "1/2-1/2"]
[ECO "A53"]
[WhiteElo "2037"]
[BlackElo "2206"]
[Annotator "ChessBase"]
[PlyCount "79"]
[EventDate "2022.01.03"]
[EventType "swiss"]
[EventCountry "CRO"]
[SourceTitle "playchess.com"]
[Source "ChessBase"]
[SourceQuality "1"]
[TimeControl "5400+30"]

1. d4 Nf6 2. Nf3 d6 3. c4 Bg4 4. h3 Bh5 5. Qb3 Qc8 6. Bg5 Nbd7 7. Nc3 e5 8. e3 Be7 9. g4 Bg6 10. Bg2 c6 11. Nh4 Qc7 12. Nxg6 hxg6 13. O-O-O a5 14. Kb1 Ng8 15. Bxe7 Nxe7 16. dxe5 dxe5 17. Ne4 O-O 18. h4 Nf6 19. Nxf6+ gxf6 20. g5 f5 21. h5 Rfd8 22. h6 Rxd1+ 23. Rxd1 Rd8 24. a3 Rxd1+ 25. Qxd1 Kh7 26. Qd2 Nc8 27. f4 a4 28. Qc3 Qd6 29. Bf3 f6 30. c5 Qe7 31. gxf6 Qxf6 32. fxe5 Qe6 33. Qd4 Kxh6 34. Be2 Ne7 35. Qd6 Qf7 36. Bc4 Qxc4 37. Qxe7 Kh5 38. e6 Qd3+ 39. Ka1 Qxe3 40. Qd7 1/2-1/2

[Event "26th Bosnjaci Open 2022"]
[Site "Bosnjaci"]
[Date "2022.01.04"]
[Round "3.11"]
[White "Dutina, Dario"]
[Black "Begic, Domagoj"]
[Result "1-0"]
[ECO "B10"]
[WhiteElo "2197"]
[BlackElo "1816"]
[Annotator "ChessBase"]
[PlyCount "97"]
[EventDate "2022.01.03"]
[EventType "swiss"]
[EventCountry "CRO"]
[SourceTitle "playchess.com"]
[Source "ChessBase"]
[SourceQuality "1"]
[TimeControl "5400+30"]

1. e4 c6 2. Bc4 d5 3. Bb3 e6 4. d4 dxe4 5. Nc3 Nf6 6. Nge2 Nbd7 7. Ng3 Be7 8. O-O O-O 9. Ncxe4 Nxe4 10. Nxe4 Nf6 11. Qd3 b6 12. c3 Bb7 13. Bc2 Nxe4 14. Qxe4 g6 15. Bh6 Re8 16. Rfe1 Bf6 17. Bf4 Qd5 18. Be5 Bxe5 19. dxe5 Qxe4 20. Bxe4 Red8 21. Rad1 Kf8 22. b4 b5 23. c4 bxc4 24. b5 Rd5 25. Bxd5 cxd5 26. f3 Ke7 27. Kf2 Kd7 28. Ke3 Kc7 29. Kd4 Kb6 30. Rb1 Rc8 31. Re3 Rc5 32. a4 Rc7 33. g4 Ka5 34. f4 Bc8 35. Rh3 Kxa4 36. b6 axb6 37. Rxb6 Bd7 38. Rc3 Ka5 39. Rb8 Ba4 40. Ra3 Ra7 41. Ra1 h5 42. gxh5 gxh5 43. h4 Ra6 44. Rb7 Ra8 45. Rxf7 Ra6 46. Re7 Kb4 47. Rb7+ Ka5 48. Rbb1 Ra7 49. Rxa4+ 1-0

[Event "26th Bosnjaci Open 2022"]
[Site "Bosnjaci"]
[Date "2022.01.04"]
[Round "3.12"]
[White "Saric, Luka"]
[Black "Sabic, Tomislav"]
[Result "1-0"]
[ECO "E06"]
[WhiteElo "2176"]
[BlackElo "1939"]
[Annotator "ChessBase"]
[PlyCount "79"]
[EventDate "2022.01.03"]
[EventType "swiss"]
[EventCountry "CRO"]
[SourceTitle "playchess.com"]
[Source "ChessBase"]
[SourceQuality "1"]
[TimeControl "5400+30"]

1. Nf3 Nf6 2. c4 e6 3. g3 d5 4. Bg2 c6 5. Qc2 Be7 6. O-O O-O 7. d4 Ne4 8. Nfd2 f5 9. Nxe4 fxe4 10. f3 exf3 11. exf3 Qb6 12. Be3 e5 13. Qd2 exd4 14. Bxd4 Bc5 15. Rd1 Bxd4+ 16. Qxd4 dxc4 17. Na3 Be6 18. Rac1 Qxd4+ 19. Rxd4 b5 20. Re1 Bf5 21. f4 a6 22. Re7 Rf7 23. Rd8+ Rf8 24. Ree8 Rxe8 25. Rxe8+ Kf7 26. Bxc6 Nxc6 27. Rxa8 Nb4 28. Kf2 h5 29. Ke3 Ke6 30. Kd4 Kd6 31. h3 g6 32. g4 hxg4 33. hxg4 Bd3 34. b3 Nc6+ 35. Ke3 Nb4 36. bxc4 bxc4 37. Kd4 Nc6+ 38. Kc3 Kc5 39. Rxa6 Be2 40. Nxc4 1-0

[Event "26th Bosnjaci Open 2022"]
[Site "Bosnjaci"]
[Date "2022.01.04"]
[Round "3.13"]
[White "Vujnovic, Patricija"]
[Black "Novosad, Ivan"]
[Result "1-0"]
[ECO "B12"]
[WhiteElo "2138"]
[BlackElo "1840"]
[Annotator "ChessBase"]
[PlyCount "99"]
[EventDate "2022.01.03"]
[EventType "swiss"]
[EventCountry "CRO"]
[SourceTitle "playchess.com"]
[Source "ChessBase"]
[SourceQuality "1"]
[TimeControl "5400+30"]

1. d4 c6 2. e4 d5 3. e5 Bf5 4. Nf3 e6 5. Be2 Nd7 6. O-O Qc7 7. Be3 c5 8. c3 a6 9. Ne1 Ne7 10. Nd2 Nc6 11. f4 h6 12. g4 Bh7 13. Nef3 f5 14. gxf5 Bxf5 15. Nh4 O-O-O 16. Nxf5 exf5 17. Nf3 Be7 18. Kh1 Rdg8 19. dxc5 Bxc5 20. Bxc5 Nxc5 21. Qxd5 Ne7 22. Qd6 g5 23. Qxc7+ Kxc7 24. Nd4 g4 25. Bc4 Rg6 26. Kg2 h5 27. b4 Ne4 28. Bd3 Nd5 29. Bxe4 Ne3+ 30. Kf2 Nxf1 31. Bxf5 g3+ 32. Kxf1 gxh2 33. Kf2 Rg4 34. Bxg4 hxg4 35. Rh1 Rh3 36. Ne2 Rf3+ 37. Kg2 Re3 38. Ng3 Rxc3 39. Kxh2 Rc2+ 40. Kg1 Rxa2 41. f5 Ra3 42. Nf1 Rf3 43. f6 b6 44. Rh7+ Kd8 45. Kg2 a5 46. bxa5 bxa5 47. Ra7 Ke8 48. Rxa5 Kf7 49. Ra7+ Kg6 50. Ng3 1-0

[Event "26th Bosnjaci Open 2022"]
[Site "Bosnjaci"]
[Date "2022.01.04"]
[Round "3.14"]
[White "Damjanovic, Stjepan"]
[Black "Sadikovic, Jasmin"]
[Result "1-0"]
[ECO "B92"]
[WhiteElo "2002"]
[BlackElo "2134"]
[Annotator "ChessBase"]
[PlyCount "71"]
[EventDate "2022.01.03"]
[EventType "swiss"]
[EventCountry "CRO"]
[SourceTitle "playchess.com"]
[Source "ChessBase"]
[SourceQuality "1"]
[TimeControl "5400+30"]

1. e4 c5 2. Nf3 d6 3. d4 cxd4 4. Nxd4 Nf6 5. Nc3 a6 6. Be2 e5 7. Nb3 Be6 8. Be3 Be7 9. Qd2 Nbd7 10. f4 b5 11. a3 Qc7 12. O-O Nb6 13. Qe1 Na4 14. Nxa4 bxa4 15. Nd2 exf4 16. Bxf4 Qxc2 17. Qg3 Qc5+ 18. Be3 Qe5 19. Qxg7 Rg8 20. Qh6 Rg6 21. Qf4 Qxb2 22. Bd1 Bd7 23. Rb1 Qxa3 24. e5 dxe5 25. Qxe5 Rc8 26. Rb8 Qd6 27. Rxc8+ Bxc8 28. Bxa4+ Nd7 29. Qh8+ Bf8 30. Ne4 Qa3 31. Bxd7+ Kxd7 32. Rxf7+ Kc6 33. Qd4 Kb5 34. Nc3+ Ka5 35. Rxf8 Rg4 36. Qb6# 1-0

[Event "26th Bosnjaci Open 2022"]
[Site "Bosnjaci"]
[Date "2022.01.05"]
[Round "4.3"]
[White "Bobanac, Miro"]
[Black "Kovacevic, Blazimir"]
[Result "1/2-1/2"]
[ECO "A12"]
[WhiteElo "2261"]
[BlackElo "2399"]
[Annotator "ChessBase"]
[PlyCount "70"]
[EventDate "2022.01.03"]
[EventType "swiss"]
[EventCountry "CRO"]
[SourceTitle "playchess.com"]
[Source "ChessBase"]
[SourceQuality "1"]
[TimeControl "5400+30"]

1. Nf3 d5 2. b3 Bf5 3. Bb2 e6 4. g3 Nf6 5. Bg2 h6 6. O-O Be7 7. c4 O-O 8. d3 c6 9. Nbd2 a5 10. a3 Bh7 11. Qc2 Nbd7 12. e4 dxe4 13. dxe4 Nc5 14. Ne5 Nfd7 15. Rad1 Nxe5 16. Bxe5 Qb6 17. Qc3 f6 18. Bd4 e5 19. Be3 Qc7 20. b4 axb4 21. axb4 Ne6 22. c5 Kh8 23. Nc4 Rfd8 24. h4 Bg8 25. Nb6 Rxd1 26. Rxd1 Rd8 27. Rd3 Rxd3 28. Qxd3 Qd8 29. Bf1 Nf8 30. Nc4 Qa8 31. Qa3 Qxa3 32. Nxa3 Be6 33. Nc4 Kg8 34. Na5 Bc8 35. Bc4+ Kh7 1/2-1/2

[Event "26th Bosnjaci Open 2022"]
[Site "Bosnjaci"]
[Date "2022.01.05"]
[Round "4.5"]
[White "Jelecevic, Ivo"]
[Black "Zadravec, Matija"]
[Result "0-1"]
[ECO "C64"]
[WhiteElo "2136"]
[BlackElo "2249"]
[Annotator "ChessBase"]
[PlyCount "60"]
[EventDate "2022.01.03"]
[EventType "swiss"]
[EventCountry "CRO"]
[SourceTitle "playchess.com"]
[Source "ChessBase"]
[SourceQuality "1"]
[TimeControl "5400+30"]

1. e4 e5 2. Nf3 Nc6 3. Nc3 Bc5 4. Bb5 d6 5. d4 exd4 6. Nxd4 Bd7 7. Bxc6 bxc6 8. O-O Qf6 9. Be3 Ne7 10. f4 O-O 11. Qd3 Bb6 12. Rae1 c5 13. Nf3 c4 14. Qxc4 Bxe3+ 15. Rxe3 Qxf4 16. Rd3 Rac8 17. Qd4 Nc6 18. Qf2 Be6 19. b3 f5 20. Nd5 Qh6 21. exf5 Rxf5 22. c4 Bxd5 23. Rxd5 Ne5 24. Qxa7 Rcf8 25. Qd4 Nxf3+ 26. Rxf3 Rxf3 27. gxf3 Rxf3 28. Qd1 Qe3+ 29. Kh1 Rf2 30. Rd4 Re2 0-1

[Event "26th Bosnjaci Open 2022"]
[Site "Bosnjaci"]
[Date "2022.01.05"]
[Round "4.6"]
[White "Sipic, Hrvoje"]
[Black "Tomas, Ante"]
[Result "1-0"]
[ECO "D02"]
[WhiteElo "2221"]
[BlackElo "2122"]
[Annotator "ChessBase"]
[PlyCount "43"]
[EventDate "2022.01.03"]
[EventType "swiss"]
[EventCountry "CRO"]
[SourceTitle "playchess.com"]
[Source "ChessBase"]
[SourceQuality "1"]
[TimeControl "5400+30"]

1. d4 d5 2. Bf4 Nf6 3. Nf3 c5 4. e3 Nc6 5. Be2 Bf5 6. Nc3 e6 7. O-O h6 8. Nb5 Rc8 9. dxc5 Bxc5 10. Nfd4 Bh7 11. Nxc6 bxc6 12. b4 Be7 13. Nxa7 Rc7 14. Qd4 Nd7 15. Bxc7 Qxc7 16. b5 Bf6 17. Qa4 Bxa1 18. Rxa1 cxb5 19. Bxb5 Ke7 20. Nc6+ Kf6 21. Qh4+ Kg6 22. Ne7# 1-0

[Event "26th Bosnjaci Open 2022"]
[Site "Bosnjaci"]
[Date "2022.01.05"]
[Round "4.7"]
[White "Abdil, Halil"]
[Black "Dutina, Dario"]
[Result "1/2-1/2"]
[ECO "C45"]
[WhiteElo "2117"]
[BlackElo "2197"]
[Annotator "NA"]
[PlyCount "82"]
[EventDate "2022.01.03"]
[EventType "swiss"]
[EventCountry "CRO"]
[SourceTitle "playchess.com"]
[Source "ChessBase"]
[SourceQuality "1"]
[TimeControl "5400+30"]

1. e4 e5 2. Nf3 Nc6 3. d4 exd4 4. Nxd4 Bb4+ 5. c3 Be7 6. Nxc6 bxc6 7. Bc4 Nf6 8. e5 Nd5 9. Bxd5 cxd5 10. O-O c6 11. Qg4 g6 12. Re1 O-O 13. Qg3 d6 14. Bf4 dxe5 15. Bxe5 Be6 16. Nd2 Qd7 17. b4 a5 18. a3 c5 19. bxc5 Bxc5 20. Nb3 Be7 21. Bd4 Qd6 22. Be5 Qd8 23. Bc7 Qd7 24. Be5 a4 25. Nd4 Ra6 26. Nc2 Bd6 27. Nb4 Bxe5 28. Qxe5 Rd6 29. h4 d4 30. cxd4 Rxd4 31. h5 Rh4 32. hxg6 hxg6 33. Rad1 Qb7 34. Rd4 Rh5 35. Qg3 Qb8 36. Rd6 Kh7 37. Re5 Rxe5 38. Qxe5 Rd8 39. Qh2+ Kg8 40. Rxd8+ Qxd8 41. Qg3 Qd1+ 1/2-1/2

[Event "26th Bosnjaci Open 2022"]
[Site "Bosnjaci"]
[Date "2022.01.05"]
[Round "4.9"]
[White "Saric, Kristina"]
[Black "Caric, Mato"]
[Result "1-0"]
[ECO "B38"]
[WhiteElo "2148"]
[BlackElo "2029"]
[Annotator "ChessBase"]
[PlyCount "87"]
[EventDate "2022.01.03"]
[EventType "swiss"]
[EventCountry "CRO"]
[SourceTitle "playchess.com"]
[Source "ChessBase"]
[SourceQuality "1"]
[TimeControl "5400+30"]

1. e4 c5 2. Nf3 d6 3. d4 cxd4 4. Nxd4 Nf6 5. f3 a6 6. c4 g6 7. Nc3 Bg7 8. Be3 Nc6 9. Qd2 O-O 10. Be2 Nxd4 11. Bxd4 Bd7 12. O-O Bc6 13. Rac1 Nd7 14. Be3 Rb8 15. b4 b5 16. cxb5 axb5 17. Nd5 Ne5 18. Bd4 Bxd5 19. exd5 Qd7 20. Qb2 e6 21. f4 Nc4 22. Bxc4 Bxd4+ 23. Qxd4 bxc4 24. dxe6 fxe6 25. Rxc4 Rb7 26. Rfc1 d5 27. Rc6 Qg7 28. Qxg7+ Kxg7 29. Rc7+ Rf7 30. Rxb7 Rxb7 31. a3 Kf6 32. Kf2 Ra7 33. Rc3 e5 34. fxe5+ Kxe5 35. b5 Kd4 36. Rb3 Kc4 37. Rb4+ Kc5 38. b6 Rxa3 39. b7 Kxb4 40. b8=Q+ Kc4 41. Qc7+ Kd4 42. Qb6+ Kc4 43. Qc7+ Kb5 44. Qxh7 1-0

[Event "26th Bosnjaci Open 2022"]
[Site "Bosnjaci"]
[Date "2022.01.05"]
[Round "4.10"]
[White "Nemec, Vjekoslav"]
[Black "Damjanovic, Stjepan"]
[Result "1-0"]
[ECO "B38"]
[WhiteElo "2194"]
[BlackElo "2002"]
[Annotator "ChessBase"]
[PlyCount "65"]
[EventDate "2022.01.03"]
[EventType "swiss"]
[EventCountry "CRO"]
[SourceTitle "playchess.com"]
[Source "ChessBase"]
[SourceQuality "1"]
[TimeControl "5400+30"]

1. e4 c5 2. Nf3 Nc6 3. d4 cxd4 4. Nxd4 g6 5. c4 Nf6 6. Nc3 Bg7 7. Be3 O-O 8. Be2 Nxd4 9. Bxd4 d6 10. O-O Bd7 11. h3 a6 12. a4 Bc6 13. a5 Re8 14. Qd3 Nd7 15. b4 b6 16. Nd5 b5 17. Bxg7 Kxg7 18. Qc3+ Kg8 19. cxb5 Bxb5 20. Bxb5 axb5 21. Qc7 Kf8 22. f4 Rc8 23. Qxd8 Rexd8 24. Rfc1 Nf6 25. Rxc8 Rxc8 26. Nb6 Rc7 27. a6 Ra7 28. e5 dxe5 29. fxe5 Ne8 30. Nc8 Rd7 31. a7 Nc7 32. Nb6 Rd4 33. Rc1 1-0

[Event "26th Bosnjaci Open 2022"]
[Site "Bosnjaci"]
[Date "2022.01.05"]
[Round "4.11"]
[White "Vidovic, Sasa"]
[Black "Lazic, Emanuel"]
[Result "1-0"]
[ECO "A05"]
[WhiteElo "2206"]
[BlackElo "1995"]
[Annotator "ChessBase"]
[PlyCount "69"]
[EventDate "2022.01.03"]
[EventType "swiss"]
[EventCountry "CRO"]
[SourceTitle "playchess.com"]
[Source "ChessBase"]
[SourceQuality "1"]
[TimeControl "5400+30"]

1. b3 c5 2. Bb2 Nc6 3. e3 Nf6 4. Nf3 g6 5. Bxf6 exf6 6. c4 d5 7. Nc3 d4 8. Nd5 Bg7 9. exd4 O-O 10. dxc5 Bg4 11. Be2 Bxf3 12. Bxf3 Re8+ 13. Kf1 f5 14. Rb1 h5 15. h4 Ne5 16. g3 Nd3 17. Kg2 Bd4 18. Rf1 Nxc5 19. Qc2 Ne6 20. Rbe1 Qd6 21. Qd3 Rad8 22. Re2 Be5 23. Rfe1 Nd4 24. Re3 Re6 25. c5 Qb8 26. Qc4 Nc6 27. Nf4 Rd4 28. Qe2 Bxf4 29. Rxe6 fxe6 30. Qxe6+ Kg7 31. Bxc6 bxc6 32. Qe7+ Kg8 33. Re6 Be5 34. Rxg6+ Kh8 35. Qf7 1-0

[Event "26th Bosnjaci Open 2022"]
[Site "Bosnjaci"]
[Date "2022.01.05"]
[Round "4.12"]
[White "Dvorski, Renato"]
[Black "Dabic, Stjepan"]
[Result "1/2-1/2"]
[ECO "B22"]
[WhiteElo "1972"]
[BlackElo "2161"]
[Annotator "ChessBase"]
[PlyCount "31"]
[EventDate "2022.01.03"]
[EventType "swiss"]
[EventCountry "CRO"]
[SourceTitle "playchess.com"]
[Source "ChessBase"]
[SourceQuality "1"]
[TimeControl "5400+30"]

1. e4 c5 2. c3 d5 3. exd5 Qxd5 4. d4 Nc6 5. Nf3 Bf5 6. Bd3 O-O-O 7. Bxf5+ Qxf5 8. Qe2 e6 9. Be3 Nf6 10. O-O Nd5 11. Nbd2 Be7 12. Nb3 g5 13. Nxc5 g4 14. Ne5 Bxc5 15. Nxc6 bxc6 16. Qa6+ 1/2-1/2

[Event "26th Bosnjaci Open 2022"]
[Site "Bosnjaci"]
[Date "2022.01.05"]
[Round "4.14"]
[White "Lacmanovic, Stipe"]
[Black "Hodak, Stevo"]
[Result "1/2-1/2"]
[ECO "C45"]
[WhiteElo "1963"]
[BlackElo "2133"]
[Annotator "ChessBase"]
[PlyCount "57"]
[EventDate "2022.01.03"]
[EventType "swiss"]
[EventCountry "CRO"]
[SourceTitle "playchess.com"]
[Source "ChessBase"]
[SourceQuality "1"]
[TimeControl "5400+30"]

1. e4 e5 2. Nf3 Nc6 3. d4 exd4 4. Nxd4 Nf6 5. Nxc6 bxc6 6. Bd3 d5 7. exd5 cxd5 8. O-O Be7 9. c4 d4 10. Nd2 O-O 11. Ne4 Bb7 12. Nxf6+ Bxf6 13. Qh5 g6 14. Qg4 Re8 15. Bd2 h5 16. Qg3 Be5 17. f4 Bf6 18. f5 Bh4 19. Qh3 Kg7 20. fxg6 fxg6 21. Bxg6 Re2 22. Rf7+ Kg8 23. Bh6 Rxg2+ 24. Qxg2 Bxg2 25. Rg7+ Kh8 26. Rh7+ Kg8 27. Rg7+ Kh8 28. Rh7+ Kg8 29. Rg7+ 1/2-1/2

[Event "26th Bosnjaci Open 2022"]
[Site "Bosnjaci"]
[Date "2022.01.05"]
[Round "4.15"]
[White "Stjepic, Borna"]
[Black "Grguric, Stjepan-Kresimir"]
[Result "1-0"]
[ECO "A04"]
[WhiteElo "1860"]
[BlackElo "2107"]
[Annotator "NA"]
[PlyCount "61"]
[EventDate "2022.01.03"]
[EventType "swiss"]
[EventCountry "CRO"]
[SourceTitle "playchess.com"]
[Source "ChessBase"]
[SourceQuality "1"]
[TimeControl "5400+30"]

1. d4 b6 2. Nf3 Bb7 3. g3 g6 4. Bg2 Bg7 5. O-O f5 6. c4 Nf6 7. Nc3 O-O 8. b3 e6 9. Ba3 Re8 10. Rc1 Na6 11. b4 Ne4 12. Nxe4 Bxe4 13. b5 Nb8 14. Ne5 Bxg2 15. Kxg2 a6 16. Qa4 Qc8 17. Qb3 Qb7+ 18. Kg1 d6 19. Nf3 Nd7 20. Rfd1 Nf6 21. c5 dxc5 22. dxc5 axb5 23. Bb2 bxc5 24. Rxc5 Qa7 25. Rxb5 Qxa2 26. Qc3 Qa4 27. Rd7 e5 28. Rxg7+ Kxg7 29. Qxc7+ Kh6 30. Rb7 Ra6 31. Qg7+ 1-0

[Event "26th Bosnjaci Open 2022"]
[Site "Bosnjaci"]
[Date "2022.01.06"]
[Round "5.2"]
[White "Sipic, Hrvoje"]
[Black "Bobanac, Miro"]
[Result "1/2-1/2"]
[ECO "A46"]
[WhiteElo "2221"]
[BlackElo "2261"]
[Annotator "ChessBase"]
[PlyCount "111"]
[EventDate "2022.01.03"]
[EventType "swiss"]
[EventCountry "CRO"]
[SourceTitle "playchess.com"]
[Source "ChessBase"]
[SourceQuality "1"]
[TimeControl "5400+30"]

1. d4 Nf6 2. Bf4 e6 3. Nf3 Be7 4. h3 O-O 5. Nbd2 d5 6. e3 c5 7. c3 Nbd7 8. Bd3 b6 9. Ne5 Bb7 10. Qf3 Re8 11. h4 Bf8 12. h5 Nxe5 13. Bxe5 Nd7 14. Bxh7+ Kxh7 15. h6 Nxe5 16. hxg7+ Kxg7 17. dxe5 Kg8 18. Qg3+ Bg7 19. Rh6 Ba6 20. O-O-O Bd3 21. e4 dxe4 22. Rdh1 Kf8 23. Rh7 Ke7 24. Qxg7 Rf8 25. R1h6 Kd7 26. Qg4 Qe7 27. Nxe4 Bxe4 28. Qxe4 Kc7 29. Rf6 Rad8 30. f4 Qd7 31. Qe2 Kb8 32. f5 Qd5 33. c4 Qd4 34. Rfxf7 Rxf7 35. Rxf7 exf5 36. e6 Qf4+ 37. Kc2 Re8 38. e7 Kc7 39. Qe6 Qd6 40. Qxd6+ Kxd6 41. Rxf5 Rxe7 42. Kd3 Rg7 43. Rf2 Ke5 44. b3 Rg3+ 45. Kc2 a6 46. Re2+ Kd4 47. Rd2+ Ke5 48. Kd1 b5 49. Ke1 bxc4 50. bxc4 Ke4 51. Kf2 Rc3 52. Re2+ Kf4 53. Rd2 Rxc4 54. Kg1 Rc1+ 55. Kh2 c4 56. Rd6 1/2-1/2

[Event "26th Bosnjaci Open 2022"]
[Site "Bosnjaci"]
[Date "2022.01.06"]
[Round "5.3"]
[White "Zadravec, Matija"]
[Black "Saric, Kristina"]
[Result "0-1"]
[ECO "D00"]
[WhiteElo "2249"]
[BlackElo "2148"]
[Annotator "ChessBase"]
[PlyCount "74"]
[EventDate "2022.01.03"]
[EventType "swiss"]
[EventCountry "CRO"]
[SourceTitle "playchess.com"]
[Source "ChessBase"]
[SourceQuality "1"]
[TimeControl "5400+30"]

1. d4 d5 2. Bf4 c5 3. e3 Nc6 4. c3 Nf6 5. Nd2 Bf5 6. Ngf3 e6 7. Qa4 Nd7 8. Be2 Be7 9. O-O O-O 10. Qb5 Qc8 11. c4 a6 12. Qb3 b5 13. cxd5 c4 14. Qd1 exd5 15. Ne5 Ndxe5 16. dxe5 Nb4 17. Nf3 Nd3 18. b3 Bb4 19. Nh4 Be4 20. f3 Nb2 21. Qd4 Bd3 22. Rf2 Bxe2 23. Qxb2 Bd3 24. bxc4 Be7 25. cxd5 Bxh4 26. Rd2 Bc4 27. Qd4 Bd8 28. Qe4 Ba5 29. Rdd1 Qd7 30. Bg5 h6 31. Bh4 Rac8 32. a3 Bb3 33. Rd3 Bc2 34. Qd4 Rc4 35. e6 fxe6 36. dxe6 Rxd4 37. exd7 Rxd3 0-1

[Event "26th Bosnjaci Open 2022"]
[Site "Bosnjaci"]
[Date "2022.01.06"]
[Round "5.4"]
[White "Kovacevic, Blazimir"]
[Black "Abdil, Halil"]
[Result "1-0"]
[ECO "A16"]
[WhiteElo "2399"]
[BlackElo "2117"]
[Annotator "ChessBase"]
[PlyCount "115"]
[EventDate "2022.01.03"]
[EventType "swiss"]
[EventCountry "CRO"]
[SourceTitle "playchess.com"]
[Source "ChessBase"]
[SourceQuality "1"]
[TimeControl "5400+30"]

1. Nf3 Nf6 2. c4 g6 3. Nc3 d5 4. cxd5 Nxd5 5. Qa4+ Nc6 6. Ne5 Qd6 7. Nxc6 Qxc6 8. Qxc6+ bxc6 9. g3 e5 10. Bg2 Be6 11. b3 O-O-O 12. Bb2 Bg7 13. O-O Nxc3 14. Bxc3 Bd5 15. Rac1 Bxg2 16. Kxg2 Rhe8 17. d3 Kb7 18. Ba1 Bh6 19. Rc4 e4 20. d4 Rd5 21. e3 Bf8 22. Bc3 Re6 23. Bb4 Bxb4 24. Rxb4+ Rb5 25. Rc4 Kb6 26. Rfc1 a5 27. R1c3 Rb4 28. a3 Rxc4 29. Rxc4 Rd6 30. b4 axb4 31. Rxb4+ Ka5 32. g4 g5 33. Rb7 Rd7 34. Rb8 Rd6 35. Kf1 Ka4 36. Rc8 c5 37. Rxc7 cxd4 38. exd4 Rxd4 39. Rxf7 e3 40. h3 exf2 41. Rxh7 Rf4 42. Rh5 Rf3 43. Rxg5 Rxh3 44. Kxf2 Kxa3 45. Re5 Kb4 46. Re3 Rh7 47. Kg3 Kc5 48. g5 Kd6 49. Kg4 Rh1 50. Kf5 Rf1+ 51. Kg6 Rg1 52. Kf6 Rf1+ 53. Kg7 Rg1 54. g6 Rh1 55. Kg8 Ra1 56. g7 Ra8+ 57. Kh7 Ra7 58. Kh8 1-0

[Event "26th Bosnjaci Open 2022"]
[Site "Bosnjaci"]
[Date "2022.01.06"]
[Round "5.6"]
[White "Stocko, Josip"]
[Black "Ljubicic, Mario"]
[Result "1-0"]
[ECO "C54"]
[WhiteElo "2231"]
[BlackElo "2001"]
[Annotator "ChessBase"]
[PlyCount "63"]
[EventDate "2022.01.03"]
[EventType "swiss"]
[EventCountry "CRO"]
[SourceTitle "playchess.com"]
[Source "ChessBase"]
[SourceQuality "1"]
[TimeControl "5400+30"]

1. e4 e5 2. Nf3 Nc6 3. Bc4 Nf6 4. d3 Bc5 5. c3 a6 6. Bb3 O-O 7. O-O d6 8. h3 h6 9. Re1 Ba7 10. Nbd2 Re8 11. Nf1 Be6 12. Bxe6 Rxe6 13. Ng3 Ne7 14. d4 c6 15. c4 exd4 16. Nxd4 Bxd4 17. Qxd4 d5 18. e5 dxc4 19. Qxc4 Nfd5 20. b3 Ng6 21. Bb2 Ndf4 22. Rad1 Qg5 23. Re4 h5 24. h4 Qg4 25. Rdd4 b5 26. Qc1 c5 27. Rxf4 Nxf4 28. Rxf4 Qg6 29. Rf5 Rc8 30. Rg5 Qd3 31. Nxh5 Rg6 32. Nf4 1-0

[Event "26th Bosnjaci Open 2022"]
[Site "Bosnjaci"]
[Date "2022.01.06"]
[Round "5.7"]
[White "Lalic, Kristijan"]
[Black "Tukovic, Dario"]
[Result "1-0"]
[ECO "C36"]
[WhiteElo "2215"]
[BlackElo "2017"]
[Annotator "ChessBase"]
[PlyCount "65"]
[EventDate "2022.01.03"]
[EventType "swiss"]
[EventCountry "CRO"]
[SourceTitle "playchess.com"]
[Source "ChessBase"]
[SourceQuality "1"]
[TimeControl "5400+30"]

1. e4 e5 2. f4 d5 3. exd5 exf4 4. Nf3 Nf6 5. Bc4 Nxd5 6. O-O Be6 7. Bb3 c6 8. d4 Be7 9. c4 Ne3 10. Bxe3 fxe3 11. Qe2 O-O 12. Qxe3 Nd7 13. Nc3 Re8 14. Rad1 Bg4 15. c5 Bh5 16. Qf4 Qb8 17. Qf5 Nf6 18. Ne5 Qc8 19. Qf4 Qc7 20. g4 Bxc5 21. gxh5 Bxd4+ 22. Rxd4 Qxe5 23. h6 Qxf4 24. Rdxf4 Re7 25. hxg7 Nd5 26. Bxd5 cxd5 27. Nxd5 Re5 28. Rxf7 Rg5+ 29. Kh1 Rxg7 30. Ne7+ Kh8 31. Rf8+ Rxf8 32. Rxf8+ Rg8 33. Rxg8# 1-0

[Event "26th Bosnjaci Open 2022"]
[Site "Bosnjaci"]
[Date "2022.01.06"]
[Round "5.8"]
[White "Kovacevic, Srecko"]
[Black "Vidovic, Sasa"]
[Result "0-1"]
[ECO "A05"]
[WhiteElo "2026"]
[BlackElo "2206"]
[Annotator "ChessBase"]
[PlyCount "80"]
[EventDate "2022.01.03"]
[EventType "swiss"]
[EventCountry "CRO"]
[SourceTitle "playchess.com"]
[Source "ChessBase"]
[SourceQuality "1"]
[TimeControl "5400+30"]

1. Nf3 Nf6 2. g3 d6 3. Bg2 c6 4. O-O Bg4 5. d3 e5 6. Nbd2 Be7 7. b3 O-O 8. Bb2 Nbd7 9. c4 a5 10. a3 Qb6 11. Qc2 Rfe8 12. h3 Bh5 13. g4 Bg6 14. Nh4 Nc5 15. Nxg6 hxg6 16. Bc3 Ne6 17. e3 Bf8 18. b4 axb4 19. axb4 Qc7 20. Qb2 Nd7 21. Nb3 f5 22. Ra3 fxg4 23. hxg4 Nf6 24. f3 Rxa3 25. Qxa3 d5 26. c5 d4 27. Bd2 dxe3 28. Bxe3 Nd5 29. Bf2 Nef4 30. Nc1 Be7 31. Re1 Bg5 32. d4 Re7 33. dxe5 Rxe5 34. Nd3 Rxe1+ 35. Nxe1 Qe7 36. Qb3 Bh4 37. Qb2 Ne2+ 38. Kf1 Ne3+ 39. Bxe3 Ng3+ 40. Kg1 Qxe3+ 0-1

[Event "26th Bosnjaci Open 2022"]
[Site "Bosnjaci"]
[Date "2022.01.06"]
[Round "5.10"]
[White "Zlatarevic, Ivan"]
[Black "Nemec, Vjekoslav"]
[Result "0-1"]
[ECO "D78"]
[WhiteElo "2037"]
[BlackElo "2194"]
[Annotator "ChessBase"]
[PlyCount "62"]
[EventDate "2022.01.03"]
[EventType "swiss"]
[EventCountry "CRO"]
[SourceTitle "playchess.com"]
[Source "ChessBase"]
[SourceQuality "1"]
[TimeControl "5400+30"]

1. d4 Nf6 2. c4 g6 3. g3 Bg7 4. Bg2 d5 5. Nf3 c6 6. Nbd2 O-O 7. O-O a5 8. b3 a4 9. Bb2 Bf5 10. Nh4 Be6 11. h3 a3 12. Bc3 c5 13. e3 cxd4 14. Bxd4 Nc6 15. Nhf3 dxc4 16. Nxc4 Nxd4 17. Nxd4 Bd5 18. Bxd5 Nxd5 19. Rc1 Qd7 20. Kh2 b5 21. Nd2 Nb4 22. Ne4 Nxa2 23. Ra1 Nb4 24. Qd2 Nc6 25. Rfd1 Rfd8 26. Qc1 Nxd4 27. exd4 Qf5 28. Qe3 Qd5 29. Ra2 Bxd4 30. Qf4 Qf5 31. Qh4 Qh5 0-1

[Event "26th Bosnjaci Open 2022"]
[Site "Bosnjaci"]
[Date "2022.01.06"]
[Round "5.11"]
[White "Saric, Luka"]
[Black "Pasalic, Adnan"]
[Result "1/2-1/2"]
[ECO "E18"]
[WhiteElo "2176"]
[BlackElo "1983"]
[Annotator "ChessBase"]
[PlyCount "92"]
[EventDate "2022.01.03"]
[EventType "swiss"]
[EventCountry "CRO"]
[SourceTitle "playchess.com"]
[Source "ChessBase"]
[SourceQuality "1"]
[TimeControl "5400+30"]

1. d4 e6 2. c4 d5 3. Nf3 Nf6 4. g3 Be7 5. Bg2 O-O 6. O-O b6 7. Ne5 Bb7 8. Nc3 Nbd7 9. Qa4 Nxe5 10. dxe5 Ne4 11. Nxe4 dxe4 12. Rd1 Qe8 13. Qc2 Qc6 14. Rd4 Qc5 15. Rd7 Rad8 16. Be3 Qxe5 17. Bf4 Qf6 18. Rxc7 Ba8 19. Bxe4 Bxe4 20. Qxe4 Bc5 21. Qe5 Qg6 22. Qg5 a5 23. Qxg6 hxg6 24. Rc1 f6 25. Rc2 Rd1+ 26. Kg2 Rfd8 27. Kf3 g5 28. Be3 Bxe3 29. Kxe3 f5 30. Rc6 Kf7 31. Rxb6 R8d4 32. f3 f4+ 33. Kf2 Rh1 34. Kg2 Rdd1 35. e3 fxe3 36. Re2 Rd2 37. Kxh1 Rxe2 38. Kg1 Rc2 39. Kf1 Kf6 40. Rb3 Rxh2 41. Rxe3 Rxb2 42. Ra3 Rc2 43. Rxa5 Rxc4 44. Rb5 Rc1+ 45. Ke2 Rc2+ 46. Ke3 Rxa2 1/2-1/2